Map: Moondance

Players

Harstem

  • Race: Protoss Protoss
  • League: Master
  • Spawn Location: 6:00

gumiho - Winner!

  • Race: Terran Terran
  • Spawn Location: 12:00

Event: HomeStory Cup XXII

VOD

Have the link to the VOD?

Description

Time

  • Played on: Dec. 15, 2022, 10:58 a.m.
  • Length: 8:51
Show
View Real Time Build Order
Export as new Build Order

Harstem Protoss 

Build Orders: 1 Gate Expand, Phoenix Opening 

Get SALT Encoding   

  12  0:00  Probe  
  13  0:12  Probe  
  14  0:17  Pylon  
  14  0:24  Probe (Chrono Boost)  
  15  0:36  Probe (Chrono Boost)  
  15  0:39  Gateway  
  16  0:45  Probe (Chrono Boost)  
  16  0:46  Assimilator  
  17  0:51  Probe  
  18  1:03  Probe  
  19  1:15  Probe  
  20  1:25  Cybernetics Core  
  20  1:34  Nexus  
  20  1:44  Pylon  
  20  1:45  Probe  
  21  1:50  Assimilator  
  21  1:57  Probe  
  21  2:00  Adept (Chrono Boost)  
  24  2:09  Probe  
  24  2:21  Probe  
  24  2:26  Stargate  
  24  2:28  Adept (Chrono Boost)  
  24  2:33  Probe  
  26  2:39  Warp Gate  
  26  2:45  Probe  
  27  2:58  Probe  
  28  2:59  Probe  
  27  3:09  Adept  
  27  3:10  Probe  
  27  3:12  Probe  
  31  3:14  Phoenix (Chrono Boost)  
  32  3:22  Probe  
  32  3:24  Probe  
  34  3:30  Phoenix  
  36  3:34  Probe  
  36  3:36  Probe  
  38  3:46  Probe  
  38  3:48  Probe  
  40  3:53  Pylon  
  40  3:58  Probe  
  40  3:59  Phoenix, Robotics Facility  
  40  4:01  Probe  
  44  4:11  Probe (Chrono Boost)  
  44  4:13  Probe (Chrono Boost)  
  47  4:25  Probe (Chrono Boost)  
  47  4:27  Phoenix  
  47  4:29  Probe (Chrono Boost)  
  50  4:32  Probe (Chrono Boost)  
  50  4:35  Shield Battery, Probe (Chrono Boost)  
  50  4:38  Pylon  
  52  4:40  Probe  
  53  4:47  Probe  
  53  4:48  Nexus  
  54  4:54  Pylon  
  54  4:56  Adept, Observer (Chrono Boost), Probe  
  54  4:59  Probe  
  59  5:01  Phoenix  
  61  5:07  Assimilator  
  61  5:10  Pylon  
  61  5:12  Immortal (Chrono Boost)  
  61  5:17  Probe  
  61  5:19  Probe  
  66  5:21  Assimilator  
  66  5:24  Stalker  
  68  5:31  Shield Battery, Probe  
  69  5:36  Probe  
  69  5:41  Shield Battery  
  70  5:43  Probe  
  70  5:48  Probe  
  70  5:49  Robotics Facility  
  68  5:52  Phoenix (Chrono Boost)  
  68  5:55  Probe  
  63  6:00  Probe  
  63  6:01  Probe  
  65  6:04  Adept  
  65  6:07  Gateway, Probe  
  65  6:09  Gateway  
  68  6:12  Probe  
  68  6:18  Stargate  
  70  6:19  Probe  
  70  6:20  Phoenix (Chrono Boost), Assimilator  
  70  6:23  Probe  
  73  6:25  Sentry  
  73  6:26  Probe  
  73  6:32  Probe  
  76  6:35  Probe  
  76  6:38  Probe  
  76  6:39  Robotics Bay  
  78  6:44  Probe  
  79  6:50  Probe  
  79  6:53  Phoenix, Pylon  
  83  6:56  Observer (Chrono Boost)  
  83  6:57  Zealot  
  83  7:00  Pylon  
  85  7:03  Phoenix  
  87  7:08  Probe  
  87  7:09  Observer (Chrono Boost)  
  87  7:10  Probe  
  87  7:11  Pylon  
  90  7:16  Nexus, Zealot x2  
  90  7:20  Pylon  
  94  7:23  Pylon  
  94  7:24  Probe  
  94  7:25  Colossus (Chrono Boost)  
  101  7:36  Phoenix  
  103  7:37  Probe  
  104  7:48  Phoenix  
  104  7:49  Pylon  
  104  7:50  Zealot x2  
  110  7:52  Shield Battery  
  110  7:53  Pylon  
  110  7:59  Pylon  
  110  8:01  Phoenix  
  117  8:16  Probe, Pylon  
  117  8:17  Zealot  
  117  8:18  Zealot x2  
  91  8:38  Zealot x3  
Show
View Real Time Build Order
Export as new Build Order

gumiho Terran - Winner!

Build Orders: Cyclone Opening 

Get SALT Encoding   

  12  0:00  SCV  
  13  0:12  SCV  
  14  0:17  Supply Depot  
  14  0:24  SCV  
  15  0:38  SCV  
  15  0:39  Barracks  
  16  0:44  Refinery  
  16  0:51  SCV  
  16  0:54  Refinery  
  17  1:03  SCV  
  18  1:15  SCV  
  19  1:26  Reaper  
  19  1:27  Orbital Command  
  20  1:42  Factory  
  20  1:44  Supply Depot  
  20  1:53  SCV  
  21  1:59  Reaper, Bunker  
  22  2:05  SCV  
  23  2:17  SCV  
  23  2:27  Factory Tech Lab  
  23  2:29  SCV  
  24  2:36  Command Center  
  24  2:41  SCV  
  24  2:42  Supply Depot  
  25  2:52  Cyclone  
  25  2:54  SCV  
  28  3:02  Barracks  
  28  3:10  Barracks, SCV  
  28  3:25  Cyclone, SCV  
  31  3:32  Barracks Reactor  
  31  3:38  SCV  
  32  3:48  Orbital Command  
  32  3:49  Barracks Tech Lab  
  32  3:51  SCV  
  33  3:57  Cyclone  
  33  3:58  Marine  
  33  3:59  Supply Depot  
  37  4:03  SCV  
  37  4:07  Stimpack  
  37  4:08  Marine  
  39  4:10  Marine  
  39  4:13  SCV  
  40  4:17  Marine  
  40  4:21  SCV  
  40  4:23  Supply Depot  
  42  4:27  SCV  
  42  4:30  Marine x2  
  44  4:33  SCV  
  44  4:35  Siege Tank  
  44  4:38  Marine  
  49  4:44  Marine  
  50  4:47  SCV x2  
  50  4:48  Marine  
  50  4:51  Marine  
  53  4:56  Marine  
  53  4:59  SCV x2  
  56  5:02  Marine  
  56  5:03  Supply Depot, Engineering Bay  
  56  5:06  Marine  
  58  5:09  Marine  
  58  5:11  SCV  
  58  5:14  Marine  
  61  5:16  Siege Tank  
  61  5:17  SCV  
  65  5:21  Marine  
  65  5:23  Marine  
  65  5:27  Supply Depot, Marine  
  65  5:28  SCV  
  69  5:29  SCV  
  69  5:34  Terran Infantry Weapons Level 1  
  69  5:35  Marine  
  71  5:39  Marine  
  71  5:41  Marine  
  66  5:53  Marine  
  59  5:58  Siege Tank  
  59  5:59  Marine x3  
  59  6:00  SCV x2  
  67  6:05  Refinery  
  67  6:09  Refinery  
  67  6:11  Combat Shield  
  67  6:12  Starport  
  67  6:14  Command Center, SCV  
  67  6:15  SCV  
  69  6:21  Missile Turret  
  69  6:23  Marine x3  
  73  6:26  SCV  
  73  6:28  SCV  
  75  6:35  Barracks Reactor  
  75  6:36  Siege Tank  
  75  6:38  SCV  
  78  6:40  SCV  
  75  6:48  Marine x2  
  75  6:49  Marine  
  75  6:50  SCV  
  75  6:52  SCV  
  75  6:53  Medivac  
  81  6:59  Supply Depot  
  81  7:02  SCV  
  81  7:04  SCV  
  81  7:06  Marine x2  
  85  7:09  Supply Depot  
  85  7:14  SCV  
  86  7:21  SCV, Siege Tank  
  90  7:28  SCV  
  90  7:29  Orbital Command  
  91  7:32  Concussive Shells, Medivac x2  
  91  7:34  Barracks Reactor, Missile Turret  
  91  7:35  Marine x3  
  91  7:36  SCV  
  99  7:44  SCV  
  99  7:49  SCV  
  101  7:56  SCV  
  101  7:59  SCV  
  101  8:00  Barracks x2  
  101  8:01  SCV  
  101  8:05  Marine x3  
  103  8:11  SCV x2  
  102  8:16  SCV  
  101  8:24  Marauder  
  100  8:46  Ghost Academy  
Tags
 
Add a new tag
Caveats
  • Supply blocks, unpowered buildings, or Contaminate may cause inaccurate times.
  • Supply counts are checked every 10 seconds.